TOP OF THE 1ST |
Royse City Targaryens batting - Pitching for Athletic Club KC Reserves : RHP David Rowlingson
|
Pitching: RHP David Rowlingson
|
|
Batting: LHB Takahiro Suzuki
|
0-0: Called Strike 0-1: Foul Ball, location: 2F 0-2: Strikes out swinging
|
Batting: RHB Víctor Cuevas
|
0-0: Foul Ball, location: 2F 0-1: Ball 1-1: Called Strike 1-2: SINGLE (Flyball, 9LS)
|
Batting: RHB Melvin Thomas
|
0-0: Ball Víctor Cuevas is caught stealing 2nd base 1-0: Foul Ball, location: 2F 1-1: Ground out 4-3 (Groundball, 4)
|
Top of the 1st over - 0 runs, 1 hit, 0 errors, 0 left on base; Royse City 0 - Athletic Club KC 0 |
BOTTOM OF THE 1ST |
Athletic Club KC Reserves batting - Pitching for Royse City Targaryens : RHP Shang-de Fu
|
Pitching: RHP Shang-de Fu
|
|
Batting: RHB Armando Altagracia
|
0-0: Called Strike 0-1: Foul Ball, location: 2F 0-2: Ball 1-2: SINGLE (Line Drive, 7S)
|
Batting: RHB Tasuku Goto
|
0-0: Ball 1-0: Foul Ball, location: 2F 1-1: Ball 2-1: Grounds into double play, 5-4-3 (Groundball, 5)
|
Batting: LHB Tsai Ng
|
0-0: Ball 1-0: Ground out 6-3 (Groundball, 6S)
|
Bottom of the 1st over - 0 runs, 1 hit, 0 errors, 0 left on base; Royse City 0 - Athletic Club KC 0 |
TOP OF THE 2ND |
Royse City Targaryens batting - Pitching for Athletic Club KC Reserves : RHP David Rowlingson
|
Batting: LHB Joe Karnowski
|
0-0: Foul Ball, location: 2F 0-1: Swinging Strike 0-2: Ball 1-2: Fly out, F9 (Flyball, 9S)
|
Batting: SHB Miguel Herrera
|
0-0: Ball 1-0: Called Strike 1-1: Ball 2-1: Ball 3-1: Base on Balls
|
Batting: RHB David Elías
|
0-0: Grounds into double play, 6-4-3 (Groundball, 6M)
|
Top of the 2nd over - 0 runs, 0 hits, 0 errors, 0 left on base; Royse City 0 - Athletic Club KC 0 |
BOTTOM OF THE 2ND |
Athletic Club KC Reserves batting - Pitching for Royse City Targaryens : RHP Shang-de Fu
|
Batting: LHB Luis Miguel González
|
0-0: Ball 1-0: Foul Ball, location: 2F 1-1: Ball 2-1: Ball 3-1: Base on Balls
|
Batting: SHB Carlos Rodríguez
|
0-0: Foul Ball, location: 2F 0-1: Ball 1-1: Ball 2-1: Foul Ball, location: 2F 2-2: Ground out U3 (Groundball, 34) Luis Miguel González to second
|
Batting: LHB Kwang-chih Feng
|
0-0: Foul Ball, location: 2F 0-1: Called Strike 0-2: Ground out 6-3 (Groundball, 6)
|
Batting: RHB Troy Whitehurst
|
0-0: Ball 1-0: Foul Ball, location: 2F 1-1: Ball 2-1: Ball 3-1: Foul Ball, location: 2F 3-2: Foul Ball, location: 2F 3-2: Ground out 5-3 (Groundball, 56)
|
Bottom of the 2nd over - 0 runs, 0 hits, 0 errors, 1 left on base; Royse City 0 - Athletic Club KC 0 |
TOP OF THE 3RD |
Royse City Targaryens batting - Pitching for Athletic Club KC Reserves : RHP David Rowlingson
|
Batting: RHB José García
|
0-0: Ball 1-0: Foul Ball, location: 2F 1-1: Fly out, F9 (Flyball, 9D)
|
Batting: SHB Vernon T. Waldrip
|
0-0: Fly out, F7 (Flyball, 78S)
|
Batting: RHB Breanainn Swartwood
|
0-0: Ball 1-0: Ball 2-0: Fly out, F9 (Flyball, 9)
|
Top of the 3rd over - 0 runs, 0 hits, 0 errors, 0 left on base; Royse City 0 - Athletic Club KC 0 |
BOTTOM OF THE 3RD |
Athletic Club KC Reserves batting - Pitching for Royse City Targaryens : RHP Shang-de Fu
|
Batting: RHB Pedro Solís
|
0-0: Ball 1-0: Foul Ball, location: 2F 1-1: SINGLE (Line Drive, 6MD)
|
Batting: LHB Manuel Domínguez
|
0-0: Ball 1-0: Fly out, F8 (Flyball, 8RXD)
|
Batting: RHB Armando Altagracia
|
0-0: Swinging Strike 0-1: Ball 1-1: Fly out, F8 (Flyball, 8RS)
|
Batting: RHB Tasuku Goto
|
0-0: Fly out, F5 (Flyball, 5DF)
|
Bottom of the 3rd over - 0 runs, 1 hit, 0 errors, 1 left on base; Royse City 0 - Athletic Club KC 0 |
TOP OF THE 4TH |
Royse City Targaryens batting - Pitching for Athletic Club KC Reserves : RHP David Rowlingson
|
Batting: LHB Takahiro Suzuki
|
0-0: Called Strike 0-1: Foul Ball, location: 2F 0-2: Foul Ball, location: 2F 0-2: Strikes out swinging
|
Batting: RHB Víctor Cuevas
|
0-0: Fly out, F6 (Popup, 6D)
|
Batting: RHB Melvin Thomas
|
0-0: Foul Ball, location: 2F 0-1: Ball 1-1: SINGLE (Line Drive, 4)
|
Batting: LHB Joe Karnowski
|
0-0: Ball 1-0: Ball 2-0: Called Strike 2-1: Ground out 4-3 (Groundball, 34)
|
Top of the 4th over - 0 runs, 1 hit, 0 errors, 1 left on base; Royse City 0 - Athletic Club KC 0 |
BOTTOM OF THE 4TH |
Athletic Club KC Reserves batting - Pitching for Royse City Targaryens : RHP Shang-de Fu
|
Batting: LHB Tsai Ng
|
0-0: Called Strike 0-1: SINGLE (Flyball, 9LS)
|
Batting: LHB Luis Miguel González
|
0-0: Ball 1-0: Ground out U3 (Groundball, 3) Tsai Ng to second
|
Batting: SHB Carlos Rodríguez
|
0-0: Ball 1-0: Ball 2-0: Foul Ball, location: 2F 2-1: Foul Ball, location: 2F 2-2: Ground out U3 (Groundball, 3) Tsai Ng to third
|
Batting: LHB Kwang-chih Feng
|
0-0: Ball 1-0: Swinging Strike 1-1: Ball 2-1: SINGLE (Groundball, 13S) (infield hit) Tsai Ng scores
|
Batting: RHB Troy Whitehurst
|
0-0: Ball 1-0: Foul Ball, location: 2F 1-1: Foul Ball, location: 2F 1-2: Ball 2-2: Foul Ball, location: 2F 2-2: Fly out, F9 (Flyball, 9)
|
Bottom of the 4th over - 1 run, 2 hits, 0 errors, 1 left on base; Royse City 0 - Athletic Club KC 1 |
TOP OF THE 5TH |
Royse City Targaryens batting - Pitching for Athletic Club KC Reserves : RHP David Rowlingson
|
Batting: SHB Miguel Herrera
|
0-0: Hit by Pitch
|
Batting: RHB David Elías
|
0-0: Called Strike 0-1: Called Strike 0-2: Ball 1-2: Foul Ball, location: 2F 1-2: Foul Ball, location: 2F 1-2: Ball 2-2: Strikes out looking
|
Batting: RHB José García
|
0-0: Foul Ball, location: 2F 0-1: Ball 1-1: Called Strike 1-2: Strikes out looking
|
Batting: SHB Vernon T. Waldrip
|
0-0: Ball 1-0: Swinging Strike 1-1: Fly out, F7 (Flyball, 7)
|
Top of the 5th over - 0 runs, 0 hits, 0 errors, 1 left on base; Royse City 0 - Athletic Club KC 1 |
BOTTOM OF THE 5TH |
Athletic Club KC Reserves batting - Pitching for Royse City Targaryens : RHP Shang-de Fu
|
Batting: RHB Pedro Solís
|
0-0: Fly out, F4 (Popup, 3S)
|
Batting: LHB Manuel Domínguez
|
0-0: Ball 1-0: Ball 2-0: Called Strike 2-1: Foul Ball, location: 2F 2-2: Fly out, F8 (Flyball, 78M)
|
Batting: RHB Armando Altagracia
|
0-0: Swinging Strike 0-1: Called Strike 0-2: Strikes out looking
|
Bottom of the 5th over - 0 runs, 0 hits, 0 errors, 0 left on base; Royse City 0 - Athletic Club KC 1 |
TOP OF THE 6TH |
Royse City Targaryens batting - Pitching for Athletic Club KC Reserves : RHP David Rowlingson
|
Batting: RHB Breanainn Swartwood
|
0-0: Called Strike 0-1: Ball 1-1: Ball 2-1: Ball 3-1: Base on Balls
|
Batting: LHB Takahiro Suzuki
|
0-0: Bunted foul 0-1: Sac Bunt - play at first, batter OUT! 1-4 Breanainn Swartwood to second
|
Batting: RHB Víctor Cuevas
|
0-0: Called Strike 0-1: Swinging Strike 0-2: Ball 1-2: SINGLE (Flyball, 78S) Breanainn Swartwood to third
|
Batting: RHB Melvin Thomas
|
0-0: Ball Víctor Cuevas is caught stealing 2nd base 1-0: SINGLE (Line Drive, 5D) Breanainn Swartwood scores
|
Batting: LHB Joe Karnowski
|
0-0: SINGLE (Groundball, 4MD) Melvin Thomas to second Runner from 2nd tries for 3rd, SAFE, no throw
|
Batting: SHB Miguel Herrera
|
0-0: Called Strike 0-1: Ball 1-1: Ball 2-1: Called Strike 2-2: Fielders Choice at 2nd, 5-4 (Groundball, 56)
|
Top of the 6th over - 1 run, 3 hits, 0 errors, 2 left on base; Royse City 1 - Athletic Club KC 1 |
BOTTOM OF THE 6TH |
Athletic Club KC Reserves batting - Pitching for Royse City Targaryens : RHP Shang-de Fu
|
Batting: RHB Tasuku Goto
|
0-0: Called Strike 0-1: Ball 1-1: Ball 2-1: Fly out, F5 (Line Drive, 5S)
|
Batting: LHB Tsai Ng
|
0-0: Called Strike 0-1: Ball 1-1: Ball 2-1: Ball 3-1: Called Strike 3-2: Fly out, F7 (Flyball, 7D)
|
Batting: LHB Luis Miguel González
|
0-0: Ball 1-0: Called Strike 1-1: Foul Ball, location: 2F 1-2: DOUBLE (Line Drive, 9LM)
|
Batting: SHB Carlos Rodríguez
|
0-0: Fly out, F8 (Flyball, 8LS)
|
Bottom of the 6th over - 0 runs, 1 hit, 0 errors, 1 left on base; Royse City 1 - Athletic Club KC 1 |
TOP OF THE 7TH |
Royse City Targaryens batting - Pitching for Athletic Club KC Reserves : RHP David Rowlingson
|
Batting: RHB David Elías
|
0-0: Called Strike 0-1: Ball 1-1: Ball 2-1: Ball 3-1: Base on Balls
|
Batting: RHB José García
|
0-0: Sac Bunt - play at first, batter OUT! 1-4 David Elías to second
|
Pinch Hitting: RHB Tomás Martínez
|
0-0: Intentional Walk
|
Batting: RHB Breanainn Swartwood
|
0-0: Ground out U3 (Groundball, 3) David Elías to third Tomás Martínez to second
|
Batting: LHB Takahiro Suzuki
|
0-0: Ball 1-0: Foul Ball, location: 2F 1-1: Ball 2-1: Ball 3-1: Base on Balls
|
Batting: RHB Víctor Cuevas
|
0-0: Ball 1-0: Fielders Choice at 2nd, 5-4 (Groundball, 5)
|
Top of the 7th over - 0 runs, 0 hits, 0 errors, 3 left on base; Royse City 1 - Athletic Club KC 1 |
BOTTOM OF THE 7TH |
Athletic Club KC Reserves batting - Pitching for Royse City Targaryens : RHP Shang-de Fu
|
Now at 1B: Tomás Martínez
|
|
Batting: LHB Kwang-chih Feng
|
0-0: Ground out U3 (Groundball, 3S)
|
Batting: RHB Troy Whitehurst
|
0-0: Foul Ball, location: 2F 0-1: SINGLE (Line Drive, 78M)
|
Batting: RHB Pedro Solís
|
0-0: Ball 1-0: Ball 2-0: Ball 3-0: SINGLE (Groundball, 56D) Troy Whitehurst to second
|
Batting: LHB Manuel Domínguez
|
0-0: Ball Passed Ball! Troy Whitehurst to third Pedro Solís to second 1-0: Ball 2-0: Called Strike 2-1: SINGLE (Groundball, 4MD) Troy Whitehurst scores Pedro Solís to third
|
Pinch Hitting: LHB Shojiro Ueda
|
0-0: Ball 1-0: Ball 2-0: Ball 3-0: Called Strike 3-1: Called Strike 3-2: Fly out, F7 (Flyball, 7D) Runner from 3rd tags up, SCORES, no throw
|
Batting: RHB Tasuku Goto
|
0-0: Ball Manuel Domínguez steals 2nd base 1-0: Called Strike 1-1: Foul Ball, location: 2F 1-2: Ball 2-2: Foul Ball, location: 2F 2-2: Ground out 5-3 (Groundball, 56)
|
Bottom of the 7th over - 2 runs, 3 hits, 0 errors, 1 left on base; Royse City 1 - Athletic Club KC 3 |
TOP OF THE 8TH |
Royse City Targaryens batting - Pitching for Athletic Club KC Reserves : RHP David Rowlingson
|
Now at SS: Tony Osorio
|
|
Batting: RHB Melvin Thomas
|
0-0: Foul Ball, location: 2F 0-1: Fly out, F4 (Line Drive, 4)
|
Batting: LHB Joe Karnowski
|
0-0: Foul Ball, location: 2F 0-1: Swinging Strike 0-2: Ball 1-2: Ball 2-2: SINGLE (Flyball, 7)
|
Pitching: RHP Leroy Moody
|
|
Batting: SHB Miguel Herrera
|
0-0: Swinging Strike 0-1: Grounds into double play, 6-4-3 (Groundball, 6)
|
Top of the 8th over - 0 runs, 1 hit, 0 errors, 0 left on base; Royse City 1 - Athletic Club KC 3 |
BOTTOM OF THE 8TH |
Athletic Club KC Reserves batting - Pitching for Royse City Targaryens : RHP Shang-de Fu
|
Pitching: LHP Shunen Takahashi
|
|
Batting: LHB Tsai Ng
|
0-0: Fly out, F7 (Flyball, 7S)
|
Batting: LHB Luis Miguel González
|
0-0: Ball 1-0: Ground out 4-3 (Groundball, 4S)
|
Batting: SHB Carlos Rodríguez
|
0-0: Foul Ball, location: 2F 0-1: Foul Ball, location: 2F 0-2: Foul Ball, location: 2F 0-2: Ball 1-2: Foul Ball, location: 2F 1-2: Ball 2-2: Reached on error, E5 (Groundball, 5S)
|
Batting: LHB Kwang-chih Feng
|
0-0: Ball 1-0: Fly out, F7 (Flyball, 7S)
|
Bottom of the 8th over - 0 runs, 0 hits, 1 error, 1 left on base; Royse City 1 - Athletic Club KC 3 |
TOP OF THE 9TH |
Royse City Targaryens batting - Pitching for Athletic Club KC Reserves : RHP Leroy Moody
|
Pitching: RHP Rafael Narváez
|
|
Batting: RHB David Elías
|
0-0: Ball 1-0: Fly out, F4 (Popup, 4M)
|
Batting: RHB José García
|
0-0: Fly out, F4 (Line Drive, 4)
|
Batting: RHB Tomás Martínez
|
0-0: Swinging Strike 0-1: SINGLE (Groundball, 6MD)
|
Pinch Hitting: SHB Barney Heise
|
0-0: Called Strike 0-1: Foul Ball, location: 2F 0-2: Hit by Pitch Tomás Martínez to second
|
Batting: LHB Takahiro Suzuki
|
0-0: Ball 1-0: Ball 2-0: Ball 3-0: Base on Balls Tomás Martínez to third Barney Heise to second
|
Batting: RHB Víctor Cuevas
|
0-0: Called Strike 0-1: Fly out, F6 (Popup, P)
|
Top of the 9th over - 0 runs, 1 hit, 0 errors, 3 left on base; Royse City 1 - Athletic Club KC 3 |
|